 Dungeon Crawl Stone Soup version 0.30-a0-782-ge64f9170bb (webtiles) character file.

Game seed: 8936670223256455046

136 Crownlay the Insei (level 5, -2/29 HPs)
             Began as an Octopode Transmuter on Feb 26, 2023.
             Slain by a kobold
             ... wielding a +0 club
              (4 damage)
             ... in a sewer.
             The game lasted 00:04:15 (1818 turns).

Crownlay the Insei (Octopode Transmuter)            Turns: 1818, Time: 00:04:15

Health: -2/29      AC:  2    Str:  9    XL:     5   Next: 19%
Magic:  5/8        EV: 19    Int: 18    God:
Gold:   98         SH:  0    Dex: 17    Spells: 2/8 levels left

rFire   + . .      SeeInvis .      - Unarmed
rCold   + . .      Faith    .    (shield currently unavailable)
rNeg    . . .      Spirit   .    (helmet currently unavailable)
rPois   .          Reflect  .    (no amulet)
rElec   +          Harm     .    h - ring of poison resistance
rCorr   +          Rampage  .    (no ring)
Will    .....                    (no ring)
Stlth   ++                       (no ring)
HPRegen 0.24/turn                (no ring)
MPRegen 0.11/turn                (no ring)
                                 (no ring)
                                 (no ring)

@: brilliant, lethally poisoned (-2 -> -4), spider-form, resistant, unable to
read
A: venomous fangs, almost no armour, (amphibious), 8 rings, tiny, (camouflage
1), (gelatinous body 1), (nimble swimmer 1), (tentacles), frail 1, inability to
read after injury 1
a: End Transformation


You were in a sewer.
You were a venomous arachnid creature.
You visited 1 branch of the dungeon, and saw 3 of its levels.
You also visited: Sewer.

You collected 98 gold pieces.

Inventory:

Armour
 j - an orb of light
Jewellery
 h - a ring of poison resistance (left front pincers)
Scrolls
 b - 2 scrolls of fog
 c - 2 scrolls of poison {unknown}
 f - 4 scrolls of teleportation
 g - a scroll of vulnerability {unknown}
 k - a scroll of enchant weapon {unknown}
 m - a scroll of identify
Potions
 a - 2 potions of lignification
 e - 3 potions of flight


   Skills:
 - Level 1.0 Fighting
 - Level 2.0 Dodging
 + Level 2.4 Stealth
 + Level 3.6 Unarmed Combat
 - Level 2.0 Spellcasting
 * Level 3.3 Transmutations
 + Level 1.5 Ice Magic
 + Level 2.0 Poison Magic


You had 2 spell levels left.
You knew the following spells:

 Your Spells              Type           Power      Damage    Failure   Level
a - Beastly Appendage     Tmut           40%        N/A       14%         1
b - Wereblood             Tmut           20%        N/A       19%         2
c - Spider Form           Tmut/Pois      17%        N/A       38%         3

Your spell library contained the following spells:

 Spells                   Type           Power      Damage    Failure   Level
 Ice Form                 Ice/Tmut       15%        N/A       75%         4


Dungeon Overview and Level Annotations

Branches:
Dungeon (3/15)              Sewer (1/1)

Altars:
Hepliaklqana

Shops:
D:2 [   D:3 [


Innate Abilities, Weirdness & Mutations

You are a venomous arachnid creature.
You have venomous fangs.
You are tiny and dextrous.
Your spellcasting is less reliable in this form.
Your armour is entirely melded.
You are incapable of wielding weapons or throwing items.
You cannot wear most types of armour.
((You are amphibious.))
You can wear up to eight rings at the same time.
((Your skin changes colour to match your surroundings (Stealth+).))
((Your rubbery body absorbs attacks. (AC +1, EV +1)))
((You are camouflaged when in or above water. (Stealth+)))
((You have tentacles for arms and can constrict up to eight enemies at once.))
You are frail. (-10% HP)
You occasionally lose the ability to read scrolls when taking damage.


Message History

You barely miss the kobold brigand.
The kobold brigand is heavily wounded.
You feel sick.
The kobold misses you. x2; The kobold brigand misses you.
You closely miss the kobold brigand.
The kobold brigand is heavily wounded.
You feel sick. The kobold closely misses you. The kobold misses you.
The kobold brigand hits you with a +2 short sword of venom.
You are more poisoned.
You barely miss the kobold brigand.
The kobold brigand is heavily wounded.
You feel sick. The kobold hits you with a +0 club. The kobold misses you.
The kobold brigand closely misses you.
You barely miss the kobold brigand.
The kobold brigand is severely wounded.
You feel sick. The kobold misses you. x2
The kobold brigand completely misses you.
You hit the kobold brigand.
The kobold brigand looks even sicker.
The kobold brigand is severely wounded.
You feel sick. The kobold hits you with a +0 club.
* * * LOW HITPOINT WARNING * * *
The kobold brigand hits you with a +2 short sword of venom.
* * * LOW HITPOINT WARNING * * *
The kobold barely misses you.
It was a potion of brilliance.
You feel clever all of a sudden.
You feel sick. The kobold hits you but does no damage.
The kobold brigand closely misses you. The kobold hits you with a +0 dagger.
* * * LOW HITPOINT WARNING * * *
It was a potion of resistance.
You feel protected.
* * * LOW HITPOINT WARNING * * *
You feel sick. The kobold completely misses you.
The kobold brigand barely misses you. The kobold closely misses you.
It was a potion of mutation.
You feel extremely strange.
You occasionally lose the ability to read scrolls when taking damage.
You feel frail.
* * * LOW HITPOINT WARNING * * *
You feel sick. The kobold hits you with a +0 club.
You feel threatened and lose the ability to read scrolls!
You die...

### ##### #.##.....
#### ###........
#####.).K#K.........
#.∩.#..!KKs.........
#.∩.#.∩!KKP.~P~~....
#...#....#.~~~~~....
###'########~~######
#≈~~~~~~~~~~~~~~~~~~
#≈≈~≈≈≈≈≈~≈≈≈≈≈~≈≈≈≈
#≈~~~~~~~~~~~~~~~~~~
#################~~~
~~P


You could see a kobold brigand (very poisoned) and 5 kobolds.

Vanquished Creatures
  5 adders
  2 worms (D:3)
  2 dart slugs
  2 orcs (D:3)
  9 ball pythons
  6 bats
  7 endoplasms
  3 giant cockroaches
  5 goblins
  7 hobgoblins
  6 jackals
  7 kobolds
  4 quokkas
  3 frilled lizards (D:2)
  3 rats (D:3)
71 creatures vanquished.

Notes
Turn   | Place    | Note
-------+----------+-------------------------------------------
     0 | D:1      | Crownlay the Octopode Transmuter began the quest for the
                  | Orb.
     0 | D:1      | Reached XP level 1. HP: 13/13 MP: 3/3
    38 | D:1      | Found a faded altar of an unknown god.
    54 | D:1      | Reached XP level 2. HP: 12/18 MP: 5/5
    68 | D:1      | Noticed a shining eye
   155 | D:1      | Reached skill level 1 in Stealth
   208 | D:1      | Noticed a floating eye
   340 | D:1      | Reached XP level 3. HP: 23/23 MP: 4/6
   346 | D:1      | Reached skill level 1 in Poison Magic
   349 | D:1      | Learned a level 2 spell: Wereblood
   353 | D:1      | Learned a level 3 spell: Spider Form
   494 | D:1      | Noticed a floating eye
   600 | D:1      | Noticed a golden eye
   642 | D:2      | Reached skill level 1 in Ice Magic
   646 | D:2      | HP: 1/23 [hobgoblin (3)]
   790 | D:2      | Reached XP level 4. HP: 6/28 MP: 5/7
   933 | D:2      | Found Poxtibey's Antique Armour Boutique.
  1639 | D:3      | Reached XP level 5. HP: 27/33 MP: 6/8
  1682 | D:3      | Found a hazy altar of Hepliaklqana.
  1699 | D:3      | Found Urphof's Armour Shop.
  1753 | D:3      | Found a glowing drain.
  1763 | Sewer    | Entered a sewer
  1805 | Sewer    | Noticed a kobold brigand
  1818 | Sewer    | Gained mutation: You occasionally lose the ability to read
                  | scrolls when taking damage. [potion of mutation]
  1818 | Sewer    | Gained mutation: You are frail. (-10% HP) [potion of
                  | mutation]
  1818 | Sewer    | Slain by a kobold

Illustrated notes

Levels and vault maps discovered:
D:1:      roderic_dead_forest, layout_rooms,
          hellmonk_ecumenical_altar_watching_god, minmay_pentomino_o2
D:2:      layout_rooms, serial_shops, shop
D:3:      layout_basic, nicolae_overflow_crystal_walls, serial_shops, shop,
          gup_sewer_entry_bubbles, uniq_jessica
Sewer:    kennysheep_pipe_town

Skill      XL: |  1  2  3  4  5 |
---------------+----------------+-----
Stealth        | 1 2 |  2.4
Poison Magic   | 1 2 |  2.0
Ice Magic      | 1 |  1.5
Transmutations | 3 |  3.3
Fighting       | |  1.0
Dodging        | |  2.0
Unarmed Combat | |  3.6
Spellcasting   | |  2.0

Action                     |  1- 3 |  4- 6 || total
---------------------------+-------+-------++-------
  Melee: Unarmed           |    82 |    84 ||   166
         Constrict         |    26 |    16 ||    42
         Tentacles         |    12 |    19 ||    31
         Kick              |    17 |    25 ||    42
         Punch             |     1 |     3 ||     4
   Cast: Beastly Appendage |    16 |    23 ||    39
         Spider Form       |     1 |     4 ||     5
    Use: Scroll            |       |     3 ||     3
         Potion            |       |     3 ||     3
   Stab: Sleeping          |       |     8 ||     8
 Armour: Skin              |     8 |     2 ||    10
  Dodge: Dodged            |    64 |    54 ||   118

Table legend: (Time is in decaauts)
 A = Elapsed time spent in this place.
 B = Non-inter-level travel time spent in this place.
 C = Inter-level travel time spent in this place.
 D = Time resting spent in this place.
 E = Time spent auto-exploring this place.
 F = Levels seen in this place.
 G = Mean time per level.
                   A        B        C        D        E       F      G
               +--------+--------+--------+--------+--------+-----+--------+
         Total |   1808 |   1718 |     90 |      0 |   1066 |   4 |  452.0 |
       Dungeon |   1752 |   1662 |     90 |      0 |   1035 |   3 |  584.0 |
         Sewer |     55 |     55 |      0 |      0 |     31 |   1 |   55.0 |
               +--------+--------+--------+--------+--------+-----+--------+

Top non-repeatable levels by time:
     D:2: 795 daAuts
     D:1: 627 daAuts
     D:3: 329 daAuts
   Sewer: 55 daAuts
